 Dungeon Crawl Stone Soup version 0.15.0-23-gc2b521c (webtiles) character file.

107 Charly the Insei (level 4, -3/28 HPs)
             Began as an Octopode Transmuter on Sept 8, 2014.
             Slain by Grinder (11 damage)
             ... on Level 3 of the Dungeon.
             The game lasted 00:07:12 (1468 turns).

Charly the Insei (Octopode Transmuter)              Turns: 1468, Time: 00:07:13

HP  -3/28        AC  1     Str  9      XL: 4   Next: 85%
MP   1/7         EV 12     Int 15      God:
Gold 73          SH  0     Dex 13      Spells:  3 memorised,  1 level left

rFire  . . .     SeeInvis .       - Unarmed
rCold  . . .     Clarity  .     (no shield)
rNeg   . . .     rCorr    .     (helmet restricted)
rPois  .         rRot     .     (no amulet)
rElec  .         Spirit   .     (no ring)
SustAb .         Warding  .     (no ring)
rMut   .         Stasis   .     (no ring)
Gourm  .                        (no ring)
MR     .....                    (no ring)
                                (no ring)
                                (no ring)
                                (no ring)

@: appendage, not resistant to hostile enchantments, unstealthy
A: almost no armour, amphibious, 8 rings, constrict 8, tentacle spike 3,
camouflage 1, gelatinous body 1
a: End Transformation


You were on level 3 of the Dungeon.
You were not hungry.
One of your tentacles had a temporary spike.
You visited 1 branch of the dungeon, and saw 3 of its levels.

You collected 73 gold pieces.

Inventory:

Missiles
 b - 15 arrows
 o - 13 arrows of dispersal
Comestibles
 a - 2 bread rations
 n - 2 meat rations
Scrolls
 e - 3 scrolls of remove curse
Potions
 f - a potion of poison {unknown}
 j - a potion of agility
 m - a potion of lignification {unknown}
Books
 d - a book of Changes

   Spells                             Type                      Level
   *Beastly Appendage                 Transmutation                1
   *Sticks to Snakes                  Transmutation                2
   *Spider Form                       Transmutation/Poison         3
   Ice Form                           Ice/Transmutation            4
   Blade Hands                        Transmutation                5


   Skills:
 - Level 1.0 Fighting
 - Level 2.0 Dodging
 + Level 4.2 Unarmed Combat
 - Level 2.0 Spellcasting
 + Level 3.8 Transmutations


You had one spell level left.
You knew the following spells:

 Your Spells              Type           Power        Failure   Level  Hunger
b - Beastly Appendage     Trmt           ##....       6%          1    #......
s - Sticks to Snakes      Trmt           ##........   10%         2    ###....
S - Spider Form           Trmt/Pois      #.........   34%         3    ####...


Dungeon Overview and Level Annotations

Branches:
Dungeon (3/15)

Altars:

Annotations:
D:3 Grinder


Innate Abilities, Weirdness & Mutations

You cannot wear most types of armour.
You are amphibious.
You can wear up to eight rings at the same time.
You can use your tentacles to constrict many enemies at once.
Your skin changes colour to match your surroundings (Stealth).
Your rubbery body absorbs attacks (AC +1).
One of your tentacles bears a large vicious spike.


Message History

Grinder hits you!
You writhe in agony.
Your ball python bites Grinder but does no damage.
Your ball python constricts Grinder.
You tentacle-slap Grinder.
You pierce Grinder.
You squeeze Grinder!
Grinder is heavily wounded.
Your ball python bites Grinder but does no damage.
Your ball python constricts Grinder.
Grinder hits you!
* * * LOW HITPOINT WARNING * * *
You writhe in agony. x2
Drink which item? (? for menu, Esc to quit)
You feel better.
Your ball python bites Grinder but does no damage.
Your ball python constricts Grinder.
Grinder says, "I used to sell toenails on the black market."
Grinder closely misses you.
You tentacle-slap Grinder but do no damage.
Grinder is heavily wounded.
Your ball python bites Grinder but does no damage.
Your ball python constricts Grinder.
Grinder hits you!
You die...

.> ...#########
.$..........###
......... ....#
........###.#.#
....#...S%##.#.#
.......5@......#
....#?.........######
##...####.......# ##.##
#.......# #. ###.......#
####.###.....[...#
..........#.......#
#.##<.#.......#####
.#####.....#............


You could see Grinder and a friendly ball python.

Vanquished Creatures
  5 adders
  A worm (D:2)
  2 giant geckos (D:1)
  4 bats
  2 goblins
  2 hobgoblins
  2 jackals (D:1)
  3 kobolds
  2 ball pythons (D:1)
  4 giant cockroaches
  6 rats
33 creatures vanquished.

Vanquished Creatures (collateral kills)
  Ijyb (D:2)
  An adder (D:2)
  2 bats (D:2)
4 creatures vanquished.

Grand Total: 37 creatures vanquished

Notes
Turn   | Place    | Note
--------------------------------------------------------------
     0 | D:1      | Charly, the Octopode Transmuter, began the quest for the Orb.
     0 | D:1      | Reached XP level 1. HP: 13/13 MP: 3/3
   319 | D:1      | Reached XP level 2. HP: 13/18 MP: 2/4
   878 | D:1      | Learned a level 2 spell: Sticks to Snakes
   902 | D:2      | Reached XP level 3. HP: 16/23 MP: 4/6
   960 | D:2      | Noticed Ijyb
   972 | D:2      | Killed Ijyb
   990 | D:2      | Reached XP level 4. HP: 15/28 MP: 2/7
  1232 | D:2      | Reached skill level 4 in Unarmed Combat
  1442 | D:3      | Noticed Grinder
  1448 | D:3      | Learned a level 3 spell: Spider Form
  1466 | D:3      | HP: 1/28 [Grinder (9)]
  1468 | D:3      | Slain by Grinder

Action                   |  1- 3 |  4- 6 || total
-------------------------+-------+-------++-------
Melee: Unarmed           |    69 |    26 ||    95
 Cast: Beastly Appendage |    11 |     3 ||    14
       Sticks to Snakes  |     3 |    11 ||    14
  Use: Scroll            |     3 |     6 ||     9
       Potion            |       |     1 ||     1
 Stab: Sleeping          |     3 |     2 ||     5
  Eat: Chunk             |       |     3 ||     3
